 Dungeon Crawl Stone Soup version 0.21-a0-150-gc243083 (webtiles) character file.

63 nikopol the Firebug (level 3, -1/19 HPs)
             Began as a Deep Elf Fire Elementalist on July 26, 2017.
             Slain by a worm (11 damage)
             ... on level 2 of the Dungeon.
             The game lasted 00:03:29 (1291 turns).

nikopol the Firebug (Deep Elf Fire Elementalist)    Turns: 1291, Time: 00:03:29

Health: -1/19      AC:  3    Str:  5    XL:     3   Next: 87%
Magic:  6/10       EV: 13    Int: 20    God:
Gold:   64         SH:  0    Dex: 15    Spells: 4/10 levels left

rFire    . . .     SeeInvis .   d - +0 dagger
rCold    . . .     Gourm    .   (no shield)
rNeg     . . .     Faith    .   a - +0 robe
rPois    .         Spirit   .   (no helmet)
rElec    .         Reflect  .   (no cloak)
rCorr    .         Harm     .   m - +0 pair of gloves
MR       .....                  (no boots)
Stlth    ++........             (no amulet)
HPRegen  0.06/turn              (no ring)
MPRegen  0.12/turn              (no ring)

@: no status effects
A: no striking features
a: no special abilities


You were on level 2 of the Dungeon.
You were not hungry.

You visited 1 branch of the dungeon, and saw 2 of its levels.

You collected 64 gold pieces.

Inventory:

Hand Weapons
 d - a +0 dagger (weapon)
Armour
 a - a +0 robe (worn)
 m - a +0 pair of gloves (worn)
Scrolls
 g - a scroll of amnesia {unknown}
 h - a scroll of noise {unknown}
 l - a scroll of enchant armour {unknown}
 n - a scroll of fear {unknown}
 p - a scroll of identify {unknown}
Potions
 e - 2 potions of heal wounds {unknown}
 f - 2 potions of mutation {unknown}
 o - a potion of might {unknown}
Books
 b - a book of Flames

   Spells                             Type                      Level
   a - Flame Tongue                   Conjuration/Fire             1
   b - Throw Flame                    Conjuration/Fire             2
   c - Conjure Flame                  Conjuration/Fire             3
   d - Inner Flame                    Hexes/Fire                   3
   e - Sticky Flame                   Conjuration/Fire             4
   f - Fireball                       Conjuration/Fire             5
Comestibles
 c - 3 bread rations
 i - 3 fruits
 j - a royal jelly
 k - a meat ration


   Skills:
 + Level 0.2 Short Blades
 + Level 2.8 Dodging
 + Level 2.7 Stealth
 + Level 4.0 Spellcasting
 + Level 1.3 Conjurations
 + Level 4.3 Fire Magic


You had 4 spell levels left.
You knew the following spells:

 Your Spells              Type           Power        Failure   Level  Hunger
a - Flame Tongue          Conj/Fire      ###..        4%          1    None
b - Throw Flame           Conj/Fire      ###...       6%          2    #......
c - Conjure Flame         Conj/Fire      ###.....     12%         3    ###....


Dungeon Overview and Level Annotations

Branches:
Dungeon (2/15)

Altars:
Dithmenos

Annotations:
D:1 1 runed door


Message History

The flame tongue hits the worm.
The worm is lightly wounded.
Casting: Flame Tongue
Confirm with . or Enter, or press ? or * to list all spells.
Aiming: Flame Tongue
Press: ? - help, Shift-Dir - straight line, f/p - worm
Aim: a worm (lightly wounded)
The flame tongue hits the worm.
The worm appears unharmed.
The worm is lightly wounded.
The worm closely misses you.
Casting: Flame Tongue
Confirm with . or Enter, or press ? or * to list all spells.
Aiming: Flame Tongue
Press: ? - help, Shift-Dir - straight line, f/p - worm
Aim: a worm (lightly wounded)
The flame tongue hits the worm.
The worm is lightly wounded.
The worm bites you!
Ouch! That really hurt!
You die...

##....#####...≈≈≈≈≈.....
........(.......#.#.#...
####...##..#####...#.##
# ## ##.....## #..##.#
##... #######..##...##
#.###.# .#..
...........##.... #.#
#.## .... #+#####'##.#
####.#.###..# .#
#.....###.# #....###.#
##....+ ##.#.###@.#
#.##...#.# #.#...#
#.###.#w# #. ###..†.
....# #.#(#..#.#
#.###...## #...#
#.###.#.#.. ##.....####
###...#..# #.#..#...
....##### # ......#.#
#.###.#........ #######
####..+# #.# ##+.####..
....... ......# #.. ...
..# .###.##
.####.##+#####+##.# ##.#
#.##


You could see a worm.

Vanquished Creatures
  An adder (D:2)
  An ooze (D:2)
  4 dart slugs
  2 leopard geckos
  8 bats
  3 giant cockroaches
  3 goblins (D:2)
  6 hobgoblins
  2 kobolds (D:2)
  A quokka (D:2)
  2 ball pythons (D:1)
  A frilled lizard (D:2)
  3 rats (D:1)
37 creatures vanquished.

Notes
Turn   | Place    | Note
-------+----------+-------------------------------------------
     0 | D:1      | nikopol the Deep Elf Fire Elementalist began the quest for the Orb.
     0 | D:1      | Reached XP level 1. HP: 10/10 MP: 6/6
     1 | D:1      | Found a runed door.
    75 | D:1      | Reached XP level 2. HP: 10/15 MP: 0/8
    79 | D:1      | Learned a level 2 spell: Throw Flame
   900 | D:2      | Reached XP level 3. HP: 12/19 MP: 6/10
  1021 | D:2      | Learned a level 3 spell: Conjure Flame
  1023 | D:2      | Found a shadowy altar of Dithmenos.
  1291 | D:2      | Slain by a worm

Vault maps used:
D:1:      dpeg_arrival_caged_fury, kennysheep_another_room, minmay_misc_feat_x,
          hangedman_glass_teeth, corexii_leaking_fountain
D:2:      lemuel_round_altar, lemuel_crystal_altar, minmay_misc_feat_enclosed,
          minmay_crystal_water, roderic_cross_of_infinity

Skill      XL: |  1  2  3 |
---------------+----------+-----
Fire Magic     | 4 |  4.3
Spellcasting   | 4 |  4.0
Short Blades   | |  0.2
Dodging        | |  2.8
Stealth        | |  2.7
Conjurations   | |  1.3

Action                   || total
-------------------------++-------
Melee: Dagger            ||    25
 Cast: Flame Tongue      ||    67
  Eat: Chunk             ||     1
Armor: Robe              ||    18
Dodge: Dodged            ||    46
